Map: Void Thrashing

Players

Hunter

  • Race: Terran Terran
  • League: Diamond
  • Spawn Location: 9:00

OrphEuS

  • Race: Terran Terran

VOD

https://youtu.be/jK8aYITA5-A

Description

Nova is a great commander that has a lot of power. Her hero is very powerful and can solo entire ground waves and can deal great damage to enemy encampments. My favorite units are: Ravens, Goliaths, Tanks, Ghosts, Marines, and Liberators. Ravens Tanks and Liberators to get the most DPS out of them think about may different control groups to do that. Lastly her top bars a great especially Griffin Air Strike, it can kill entire attacks wave all by itself.

Time

  • Played on: July 9, 2018, 1:40 a.m.
  • Length: 17:42
Show
View Real Time Build Order
Export as new Build Order

Hunter Terran 

Build Orders:  

Get SALT Encoding   

  12  0:03  SCV  
  13  0:20  SCV  
  14  0:37  SCV  
  15  0:53  SCV  
  16  1:11  Command Center  
  16  1:17  SCV  
  17  1:28  Refinery  
  17  1:38  SCV  
  18  1:43  Refinery  
  18  1:55  SCV  
  19  2:14  Barracks, SCV  
  20  2:31  SCV  
  21  3:15  SCV  
  22  3:20  Elite Marine  
  22  3:26  SCV  
  27  3:31  Barracks Tech Lab  
  27  3:32  SCV  
  28  3:43  SCV  
  28  3:49  SCV  
  30  3:56  Refinery  
  30  4:00  SCV  
  30  4:06  SCV  
  32  4:17  Factory, SCV  
  33  4:22  SCV  
  33  4:29  Refinery  
  34  4:33  SCV  
  35  4:44  SCV  
  36  4:50  SCV  
  37  5:01  Engineering Bay, SCV  
  38  5:18  SCV  
  39  5:24  SCV  
  40  5:35  SCV  
  40  5:37  Factory Tech Lab  
  41  5:42  Starport  
  41  5:45  Armory  
  41  5:47  Super Stimpack  
  41  5:55  Terran Infantry Weapons Level 1  
  41  6:15  Spider Mines  
  41  6:19  Ghost Visor  
  41  6:32  Laser Targeting System  
  41  6:52  Heavy Siege Tank  
  41  6:59  Terran Vehicle and Ship Weapons Level 1  
  47  7:00  Starport Tech Lab  
  47  7:04  Caduceus Reactor  
  47  7:14  Graduating Range  
  47  7:41  Griffin Airstrike  
  47  8:18  Operational Efficiency  
  47  8:40  Spec Ops Ghost  
  51  8:58  Griffin Airstrike  
  51  9:15  Raven Type-II  
  53  9:24  Defensive Drone  
  53  9:40  Elite Marine  
  53  9:48  Terran Infantry Weapons Level 2  
  57  10:16  Terran Vehicle and Ship Weapons Level 2  
  57  10:21  Ares-Class Targeting System  
  57  10:24  Covert Triage  
  57  10:47  Railgun Turret  
  57  10:51  Lockdown Missiles  
  57  11:09  Enhanced Manufacturing  
  57  11:15  Defensive Drone  
  57  11:22  Railgun Turret  
  57  11:34  Spec Ops Ghost  
  61  12:12  Griffin Airstrike  
  61  12:41  Strike Goliath  
  61  12:43  Defensive Drone  
  61  12:46  Defensive Drone  
  67  13:21  Terran Infantry Weapons Level 3  
  67  13:30  Raven Type-II  
  69  13:53  Railgun Turret  
  69  14:35  Elite Marine  
  73  14:44  Spec Ops Ghost  
  77  15:23  Griffin Airstrike  
  77  15:53  Railgun Turret x3  
  77  15:54  Railgun Turret x2  
  77  16:31  Griffin Airstrike  
  77  16:42  Railgun Turret  
  76  16:52  Strike Goliath  
  76  16:54  Raven Type-II  
  84  17:00  Railgun Turret  
  84  17:04  Railgun Turret  
  84  17:18  Railgun Turret  
  84  17:20  Railgun Turret  
Show
View Real Time Build Order
Export as new Build Order

OrphEuS Terran 

Build Orders:  

Get SALT Encoding   

  12  0:05  Starport Tech Lab  
  12  0:08  SCV  
  13  0:25  SCV  
  13  0:27  Supply Depot  
  15  0:42  SCV  
  16  1:02  SCV  
  16  1:19  SCV  
  17  1:36  SCV  
  17  1:39  Command Center  
  19  1:53  SCV, Refinery  
  20  2:10  SCV  
  20  2:27  SCV  
  22  2:43  SCV  
  22  2:52  Refinery  
  23  3:00  SCV  
  23  3:17  SCV  
  24  3:20  Assault Galleon  
  25  3:34  SCV  
  26  3:51  SCV  
  26  4:08  SCV  
  27  4:22  Reaper  
  29  4:32  Reaper  
  29  4:33  SCV  
  29  4:37  Engineering Bay  
  30  4:42  Armory, Reaper  
  30  4:49  Supply Depot  
  32  4:50  SCV  
  32  4:52  Reaper  
  33  5:07  SCV  
  35  5:24  SCV  
  35  5:32  Command Center  
  35  5:37  SCV  
  37  5:41  SCV  
  38  5:54  SCV  
  38  5:58  SCV  
  40  6:11  SCV  
  40  6:15  SCV  
  41  6:21  Assault Galleon  
  41  6:28  SCV  
  43  6:32  SCV  
  43  6:45  SCV  
  44  7:00  Fusion Core  
  44  7:17  Assault Galleon  
  44  7:20  Assault Galleon  
  44  7:30  Reaper  
  44  7:31  Reaper  
  44  7:36  Assault Galleon  
  46  7:40  Reaper x2  
  46  7:47  Jetpack Overdrive  
  48  7:50  Reaper x2  
  48  7:52  Multi-Threaded Sensors  
  51  8:00  Reaper x2  
  51  8:05  SCV  
  51  8:06  SCV, Refinery  
  51  8:08  Refinery  
  55  8:10  Reaper x2  
  55  8:11  Supply Depot  
  55  8:19  Reaper  
  59  8:20  Reaper  
  59  8:22  SCV  
  59  8:23  SCV  
  59  8:29  Reaper  
  61  8:30  Reaper  
  61  8:37  Horner Weapons Level 1  
  62  8:42  Reaper x2  
  62  8:44  Supply Depot  
  62  8:46  SCV x2  
  66  8:50  LE9 Cluster Charges, Supply Depot  
  66  8:51  Reaper  
  66  8:52  Reaper  
  70  9:03  SCV x2  
  72  9:20  SCV x2  
  71  9:37  SCV  
  72  9:57  Drone Hangar x3  
  68  10:01  Drone Hangar  
  67  10:19  Supply Depot  
  70  10:28  Drone Hangar  
  67  10:39  Reaper x3  
  70  10:44  Reaper  
  70  10:49  Reaper x3  
  74  10:51  Supply Depot  
  74  10:53  Reaper  
  74  10:59  Reaper x2  
  78  11:01  Reaper  
  78  11:03  Reaper  
  78  11:09  Reaper x2  
  81  11:10  Reaper  
  81  11:11  Reaper  
  81  11:13  Reaper  
  81  11:17  Horner Armor Level 1  
  81  11:19  Reaper x2  
  86  11:20  Reaper  
  86  11:21  Reaper  
  86  11:23  Reaper  
  86  11:25  Supply Depot  
  86  11:29  Reaper x2  
  91  11:30  Reaper  
  91  11:31  Reaper  
  91  11:33  Reaper  
  91  11:35  Theia Raven  
  91  11:39  Theia Raven, Reaper x2  
  101  11:40  Reaper  
  101  11:41  Reaper  
  101  11:43  Reaper  
  101  11:49  Reaper x2  
  106  11:50  Reaper  
  106  11:51  Reaper  
  106  11:53  Reaper  
  106  11:57  Supply Depot  
  106  11:59  Reaper x3  
  111  12:01  Reaper  
  111  12:03  Reaper  
  111  12:09  Reaper x3  
  113  12:11  Reaper  
  113  12:13  Reaper  
  113  12:19  Reaper x3  
  110  12:21  Reaper  
  110  12:23  Reaper  
  110  12:29  Reaper x3  
  107  12:31  Reaper  
  107  12:33  Reaper  
  107  12:39  Reaper x3  
  107  12:41  Reaper  
  107  12:43  Reaper  
  107  12:48  Reaper x2  
  107  12:49  Reaper  
  106  12:50  Reaper  
  106  12:53  Reaper  
  106  12:58  Reaper x2  
  106  12:59  Reaper  
  92  13:00  Reaper  
  92  13:03  Reaper  
  92  13:05  Supply Depot  
  92  13:08  Reaper x2  
  92  13:09  Reaper  
  95  13:10  Reaper  
  95  13:13  Reaper  
  95  13:18  Reaper x2  
  95  13:19  Reaper  
  100  13:20  Reaper  
  100  13:23  Reaper  
  100  13:28  Reaper x2  
  100  13:29  Reaper  
  105  13:30  Reaper  
  105  13:32  Reaper  
  105  13:38  Reaper x2  
  105  13:39  Supply Depot, Reaper  
  110  13:40  Reaper  
  110  13:42  Reaper  
  110  13:48  Reaper x2  
  110  13:49  Reaper  
  115  13:50  Reaper  
  115  13:52  Reaper  
  115  13:55  Theia Raven  
  115  13:58  Theia Raven, Reaper x2  
  115  13:59  Reaper  
  124  14:00  Reaper  
  124  14:02  Reaper  
  124  14:06  Horner Weapons Level 2  
  124  14:08  Reaper x2  
  124  14:09  Reaper  
  127  14:10  Supply Depot, Reaper  
  127  14:12  Reaper  
  127  14:18  Reaper  
  127  14:19  Reaper x2  
  131  14:20  Reaper  
  131  14:22  Reaper  
  131  14:28  Reaper  
  131  14:29  Reaper x2  
  136  14:30  Reaper  
  136  14:32  Reaper  
  136  14:38  Reaper x2  
  136  14:39  Reaper  
  141  14:40  Reaper  
  141  14:42  Reaper  
  141  14:48  Reaper x2  
  141  14:49  Reaper  
  146  14:50  Reaper  
  146  14:52  Reaper  
  146  14:58  Reaper x2  
  146  14:59  Reaper  
  151  15:02  Reaper  
  151  15:03  Reaper  
  151  15:08  Reaper x2  
  151  15:09  Reaper  
  156  15:12  Reaper  
  156  15:13  Reaper  
  158  15:23  Reaper  
  158  15:24  Reaper x4  
  163  15:33  Reaper  
  163  15:34  Reaper x2  
  163  15:38  Reaper x2  
  168  15:43  Reaper  
  168  15:44  Reaper x2  
  168  15:48  Reaper x2  
  173  15:55  Reaper x3  
  173  15:57  Reaper  
  173  15:58  Reaper  
  178  16:04  Reaper  
  178  16:05  Reaper x2  
  178  16:07  Reaper  
  178  16:08  Reaper  
  183  16:14  Reaper  
  183  16:15  Reaper x2  
  183  16:17  Reaper  
  183  16:19  Theia Raven  
  151  16:40  Reaper  
  151  16:41  Reaper x4  
  108  16:50  Reaper  
  108  16:51  Reaper x4  
  89  17:00  Reaper  
  89  17:01  Reaper x4  
  92  17:10  Reaper  
  92  17:11  Reaper x4  
  96  17:20  Reaper  
  96  17:21  Reaper x4  
  100  17:30  Reaper  
  100  17:31  Reaper x4  
Tags
 
Commander
HornerNova
League
Diamond
Matchup
Co-op
Add a new tag
Caveats
  • Supply blocks, unpowered buildings, or Contaminate may cause inaccurate times.
  • Supply counts are checked every 10 seconds.